 Dungeon Sprint DCSS version 0.28-a0-313-gbc0475efdd (webtiles) character file.

Game seed: 18383609233164248114

259 Ankalagon the Cleaver (level 6, -3/57 HPs)
             Began as a Hill Orc Gladiator on Aug 31, 2021.
             Slain by a neqoxec (6 damage)
             ... in the Dungeon (Sprint II: "The Violet Keep of Menkaure").
             The game lasted 00:00:18 (22 turns).

Ankalagon the Cleaver (Hill Orc Gladiator)            Turns: 22, Time: 00:00:19

Health: -3/57      AC:  6    Str: 17      XL:     6   Next: 17%
Magic:  5/5        EV: 13    Int:  6 (8)  God:
Gold:   0          SH:  0    Dex: 16      Spells: 5/5 levels left

rFire   . . .      SeeInvis .   a - +0 war axe
rCold   . . .      Faith    .   (no shield)
rNeg    . . .      Spirit   .   b - +0 leather armour
rPois   .          Reflect  .   c - +0 helmet
rElec   .          Harm     .   (no cloak)
rCorr   .          Rampage  .   (no gloves)
Will    .....      Rnd*Rage +   (no boots) Stlth +.........NoTele +
                                (no amulet)
HPRegen 0.19/turn               (no ring)
MPRegen 0.09/turn               (no ring)

@: on berserk cooldown, slowed, very slow
A: iridescent scales 1, agile 1, berserk 1, deterioration 1, low mp 1
a: no special abilities


You were in the Dungeon.
You visited 1 branch

Inventory:

Hand Weapons
 a - a +0 war axe (weapon)
Missiles
 d - 3 throwing nets (quivered)
Armour
 b - a +0 leather armour (worn)
 c - a +0 helmet (worn)
Scrolls
 j - a scroll of blinking
Potions
 e - a potion of curing
 f - a potion of heal wounds
 g - a potion of haste
 h - 2 potions of magic


   Skills:
 + Level 5.7 Fighting
 + Level 13.8 Axes
 - Level 1.7 Throwing
 + Level 4.3 Dodging


You had 5 spell levels left.
You didn't know any spells.
Your spell library was empty.

Dungeon Overview and Level Annotations

Branches:
Dungeon (1/1)

Altars:


Innate Abilities, Weirdness & Mutations

You are partially covered in iridescent scales. (AC +2)
You are agile. (Dex +2)
You tend to lose your temper in combat.
Your body sometimes deteriorates upon taking damage.
Your magical capacity is low. (-10% MP)


Message History

Something feeds on your intellect!
You hit the neqoxec.
The neqoxec is almost dead.
The neqoxec hits you.
* * * LOW HITPOINT WARNING * * *
You hit the neqoxec.
You kill the neqoxec!
The neqoxec gestures at you.
Strange energies course through your body.
You feel agile.
You feel your intelligence returning.
Your Fighting skill gained 3 levels and is now at level 5!
Your Axes skill increases to level 13!
Your Dodging skill gained 2 levels and is now at level 4!
You have reached level 6!
Your experience leads to an increase in your attributes!
Your base attributes are Str 17, Int 8, Dex 13.
Increase (S)trength, (I)ntelligence, or (D)exterity?
You feel agile.
You slice the neqoxec!!
The neqoxec is heavily wounded.
You are no longer berserk.
You are exhausted.
You feel yourself slow down.
You closely miss the neqoxec.
The neqoxec is heavily wounded.
The neqoxec gestures at you.
You feel dopey. Something feeds on your intellect! The neqoxec gestures at you.
Strange energies course through your body.
You feel a little pissed off.
You hit the neqoxec.
The neqoxec is severely wounded.
The neqoxec hits you!
* * * LOW HITPOINT WARNING * * *
You closely miss the neqoxec.
The neqoxec is severely wounded.
The neqoxec hits you.
You die...

##
###
.##..
.3.
#3#
##@##
+.<.+
##.##
#+#


You could see 2 neqoxecs.

Vanquished Creatures
  2 neqoxecs (D)
2 creatures vanquished.

Notes
Turn   | Place    | Note
-------+----------+-------------------------------------------
     0 | D        | Ankalagon the Hill Orc Gladiator began the quest for the
                  | Orb.
     0 | D        | Reached XP level 1. HP: 18/18 MP: 1/1
     1 | D        | Noticed a neqoxec
     1 | D        | Noticed a neqoxec
     1 | D        | Noticed a neqoxec
     1 | D        | Noticed a neqoxec
     6 | D        | Gained mutation: Your body sometimes deteriorates upon
                  | taking damage. [a neqoxec]
     7 | D        | Gained mutation: Your magical capacity is low. (-10% MP) [a
                  | neqoxec]
     9 | D        | Killed a neqoxec
    10 | D        | Reached skill level 12 in Axes
    10 | D        | Reached XP level 2. HP: 10/25 MP: 1/1
    10 | D        | Reached XP level 3. HP: 13/30 MP: 2/2
    10 | D        | Reached XP level 4. HP: 15/37 MP: 3/3
    10 | D        | Reached XP level 5. HP: 18/42 MP: 4/4
    13 | D        | Gained mutation: You are partially covered in iridescent
                  | scales. (AC +2) [a neqoxec]
    18 | D        | Killed a neqoxec
    18 | D        | Gained mutation: You are agile. (Dex +2) [a neqoxec]
    19 | D        | Reached skill level 5 in Fighting
    19 | D        | Reached skill level 13 in Axes
    19 | D        | Reached XP level 6. HP: 20/57 MP: 5/5
    20 | D        | Gained mutation: You tend to lose your temper in combat. [a
                  | neqoxec]
    22 | D        | Slain by a neqoxec

Illustrated notes

Levels and vault maps discovered:
D:        the_violet_keep_of_menkaure [sprint2_stairs_cluster_1,
          sprint2_shoproom, sprint2_temple, sprint2_basic_supplies,
          sprint2_obstacle_7, sprint2_obstacle_6, sprint2_obstacle_4,
          sprint2_obstacle_3, sprint2_obstacle_5, sprint2_timed_cluster_1,
          sprint2_smallroom_cluster_1, sprint2_smallroom_final_cluster_1,
          sprint2_transparent_cluster_1, sprint2_second_timed_cluster_1,
          sprint2_sniper_area_1, sprint2_heavy_combat_area_1,
          sprint2_mutation_trap_area_1, sprint2_forest_area_1,
          sprint2_light_combat_area_1, sprint2_behind_water_1,
          sprint2_near_end_vault_1]

Skill      XL: |  1  2  3  4  5 |
---------------+----------------+-----
Axes           | 12 13 | 13.8
Fighting       | 5 |  5.7
Dodging        | 4 |  4.3
Throwing       | |  1.7

Action                   |  1- 3 |  4- 6 || total
-------------------------+-------+-------++-------
Melee: War axe           |     7 |    13 ||    20
  Use: Potion            |     1 |       ||     1
Dodge: Dodged            |     2 |       ||     2

Table legend: (Time is in decaauts)
 A = Elapsed time spent in this place.
 B = Non-inter-level travel time spent in this place.
 C = Inter-level travel time spent in this place.
 D = Time resting spent in this place.
 E = Time spent auto-exploring this place.
 F = Levels seen in this place.
 G = Mean time per level.
                   A        B        C        D        E       F      G
               +--------+--------+--------+--------+--------+-----+--------+
         Total |     17 |     17 |      0 |      0 |      0 |   1 |   17.0 |
       Dungeon |     17 |     17 |      0 |      0 |      0 |   1 |   17.0 |
               +--------+--------+--------+--------+--------+-----+--------+

Top non-repeatable levels by time:
       D: 17 daAuts
